 Dungeon Crawl Stone Soup version 0.29-a0-1027-gcd8c55af63 (webtiles) character file.

Game seed: 12414992500221234366

73055 Newt the Severer (level 15, -8/131 HPs)
             Began as a Demonspawn Abyssal Knight on Aug 12, 2022.
             Was the Champion of Lugonu.
             Killed from afar by a deep elf zephyrmancer (32 damage)
             ... with a bolt of lightning
             ... on level 1 of the Elven Halls.
             The game lasted 00:52:39 (15332 turns).

Newt the Severer (Demonspawn Abyssal Knight)       Turns: 15332, Time: 00:52:40

Health: -8/131     AC: 26    Str: 20    XL:     15   Next: 2%
Magic:  31/31      EV: 12    Int: 22    God:    Lugonu [******]
Gold:   1232       SH:  2    Dex: 17    Spells: 14/14 levels left

rFire   . . .      SeeInvis +   E - +7 battleaxe (distort)
rCold   . . .      Faith    .   (shield currently unavailable)
rNeg    + . .      Spirit   .   d - +6 scale mail of Cowardice {rCorr SInv}
rPois   +          Reflect  .   M - +3 hat of Pondering {ponderous, Will+ MP+10 Int+5}
rElec   .          Harm     .   (no cloak)
rCorr   +          Rampage  .   u - +0 pair of gloves
Will    ++...                   U - +2 pair of boots
Stlth   ..........              f - amulet of regeneration
HPRegen 1.11/turn               h - +6 ring of dexterity
MPRegen 0.22/turn               x - ring of the Octopus King {rN+ HP+2 AC+2 EV+2 SH+2}

@: slow
A: ignite blood 1, spiny 3, big brain 2, demonic touch 2, antennae 1, clumsy 1,
poison resistance, shaggy fur 1
a: Renounce Religion, Depart the Abyss, Bend Space, Banish, Corrupt, Enter the
Abyss


You were on level 1 of the Elven Halls.
You worshipped Lugonu.
Lugonu was exalted by your worship.
You visited 3 branches of the dungeon, and saw 18 of its levels.
You visited the Abyss 1 time.
You also visited: Sewer and Ice Cave.

You collected 3828 gold pieces.
You spent 2596 gold pieces at shops.

Inventory:

Hand Weapons
 v - a +0 vorpal dire flail
 w - a +1 antimagic whip
 E - a +7 battleaxe of distortion (weapon)
 Q - a +2 flail of holy wrath
 V - a +2 great sword of electrocution
 Z - the +5 demon whip of the Desolation of Salt {flame, rElec rPois Str+2}
   (You took it off a deep elf pyromancer on level 11 of the Dungeon)

   It burns those it strikes, dealing additional fire damage.
   Str:       It affects your strength (+2).
   rElec:     It insulates you from electricity.
   rPois:     It protects you from poison.
Missiles
 c - 8 poisoned darts (quivered)
 R - 20 boomerangs
Armour
 d - the +6 scale mail of Cowardice (worn) {rCorr SInv}
   (You found it on level 13 of the Dungeon)

   SInv:      It lets you see invisible.
   rCorr:     It protects you from acid and corrosion.
 u - a +0 pair of gloves (worn)
 D - +1 gold dragon scales
 M - the +3 hat of Pondering (worn) {ponderous, Will+ MP+10 Int+5}
   (You took it off Gastronok on level 10 of the Dungeon)

   Int:       It affects your intelligence (+5).
   MP:        It affects your magic capacity (+10).
   Will:      It increases your willpower.
 O - a +2 plate armour of fire resistance
 U - a +2 pair of boots (worn)
Jewellery
 f - an amulet of regeneration (around neck)
 h - a +6 ring of dexterity (left hand)
 m - a +4 ring of evasion
 q - a ring of willpower
 s - a +6 ring of intelligence
 x - a ring of the Octopus King (right hand) {rN+ HP+2 AC+2 EV+2 SH+2}
   (You found it in an ice cave)

   [ring of positive energy]

   AC:        It affects your AC (+2).
   EV:        It affects your evasion (+2).
   rN:        It protects you from negative energy.
   HP:        It affects your health (+2).
   SH:        It affects your SH (+2).
 y - an amulet of guardian spirit
Wands
 k - a wand of flame (57)
 p - a wand of mindburst (9)
 r - a wand of roots (19)
 t - a wand of polymorph (3)
 B - a wand of digging (8)
 C - a wand of light (2)
Scrolls
 i - 3 scrolls of teleportation
 j - 3 scrolls of torment
Potions
 a - a potion of curing
 g - 7 potions of degeneration
 n - a potion of cancellation
 z - a potion of magic
 A - 2 potions of attraction
 N - 2 potions of resistance {unknown}
Miscellaneous
 b - a box of beasts (inert)
 l - a box of beasts (inert)


   Skills:
 - Level 15.2 Fighting
 * Level 16.4 Axes
 - Level 3.5 Throwing
 - Level 13.0 Armour
 - Level 0.8 Dodging
 - Level 8.2 Invocations
 - Level 6.2 Evocations


You had 14 spell levels left.
You didn't know any spells.
Your spell library contained the following spells:

 Spells                   Type           Power      Damage    Failure   Level
 Foxfire                  Conj/Fire      0%         2x1d4     36%         1
 Blink                    Tloc           0%         N/A       50%         2
 Static Discharge         Conj/Air       0%         3-3/arc   50%         2
 Confusing Touch          Hex            0%         N/A       73%         3
 Conjure Flame            Conj/Fire      0%         6-21      73%         3
 Frozen Ramparts          Ice            0%         1d1       73%         3
 Gell's Gravitas          Tloc           0%         N/A       73%         3
 Ignite Poison            Fire/Tmut/Pois 0%         N/A       73%         3
 Inner Flame              Hex/Fire       0%         N/A       73%         3
 Lesser Beckoning         Tloc           0%         N/A       73%         3
 Teleport Other           Tloc           0%         N/A       73%         3
 Cause Fear               Hex            0%         N/A       98%         4
 Flame Wave               Conj/Fire      0%         2d4       98%         4
 Ice Form                 Ice/Tmut       0%         N/A       98%         4
 Sticky Flame             Conj/Fire      0%         2d3       98%         4
 Summon Ice Beast         Ice/Summ       0%         N/A       98%         4
 Lightning Bolt           Conj/Air       0%         1d11      100%        5
 Manifold Assault         Tloc           0%         N/A       100%        5
 Summon Forest            Summ/Tloc      0%         N/A       100%        5
 Yara's Violent Unravell  Hex/Tmut       0%         3d3       100%        5
 Eringya's Noxious Bog    Tmut/Pois      0%         N/A       100%        6
 Dragon Form              Tmut           0%         N/A       100%        7
 Enfeeble                 Hex            0%         N/A       100%        7
 Summon Hydra             Summ           0%         N/A       100%        7
 Maxwell's Capacitive Co  Air            0%         ∞         100%        8
 Chain Lightning          Conj/Air       0%         N/A       100%        9
 Dragon's Call            Summ           0%         N/A       100%        9
 Fire Storm               Conj/Fire      0%         5d1       100%        9
 Shatter                  Erth           0%         3d5*      100%        9


Dungeon Overview and Level Annotations

Branches:
Dungeon (14/15)            Temple (0/1) D:6            Lair (0/5) D:10
    Orc (2/2) D:9             Elf (2/3) Orc:2        Vaults (0/5) D:13
  Sewer (visited)           IceCv (visited)

Altars:
Gozag
Wu Jian
Xom

Shops:
D:1 !!   D:2 ?   Orc:1 [   Orc:2 ([(*

Annotations:
Elf:1 6 runed translucent doors


Innate Abilities, Weirdness & Mutations

Your demonic aura sometimes causes spilled blood to erupt in flames.
You are completely covered in sharp spines.
You have an extremely huge brain. (Int +4)
Your touch may inflict irresistible damage on your foes.
You have a pair of small antennae on your head.
You are clumsy. (Dex -2)
Your system is resistant to poisons. (rPois)
You are covered in fur. (AC +1)


Message History

You hit the +1 hand axe of electrocution.
The +1 hand axe of electrocution is heavily damaged.
The +1 hand axe of electrocution blinks!
As you read the scroll of teleportation, it crumbles to dust.
You feel strangely unstable.
You feel better.
You miss the +1 hand axe of electrocution.
The +1 hand axe of electrocution is moderately damaged.
The +1 hand axe of electrocution hits you but does no damage.
You feel better.
Your surroundings suddenly seem different.
A deep elf pyromancer and a deep elf high priest come into view.
Found 2 stones.
Found a runed translucent gate.
The iron dragon roars deafeningly!
The fire dragon roars deafeningly! x2
As you read the scroll of teleportation, it crumbles to dust.
You feel strangely unstable.
The deep elf zephyrmancer gestures wildly while chanting.
The deep elf zephyrmancer blinks!
The orc wizard suddenly shouts, as Orcs often do.
The box of beasts is presently inert.
Okay, then.
Okay, then.
As you read the scroll of fog, it crumbles to dust.
The scroll dissolves into smoke.
An earth elemental comes into view.
The deep elf high priest is struck by your spines.
The deep elf high priest hits you with a +0 long sword!
* * * LOW HITPOINT WARNING * * *
The deep elf pyromancer barely misses you.
The deep elf zephyrmancer mumbles some strange words.
The deep elf zephyrmancer blinks!
You feel better.
Your surroundings suddenly seem different.
A deep elf pyromancer, 2 deep elf archers and 2 deep elf zephyrmancers come into view.
A deep elf archer is wielding a +1 dagger of draining.
A deep elf zephyrmancer is wielding a +1 long sword of protection.
The deep elf pyromancer shouts!
The deep elf archer shouts!
The deep elf zephyrmancer shouts!
You hear a shout!
The deep elf zephyrmancer casts a spell at you.
The bolt of lightning hits you!!
You die...

##.....#'
##...PP..##
#...PP....#
###..P..P...#
.'.P..8PP..#
#......P..#
#...e.....#
#..@.e..#
#'#.....##
###'### e# e#
e# +#


You could see 2 deep elf archers, a deep elf pyromancer and 2 deep elf
zephyrmancers.

Vanquished Creatures
  Gastronok (D:10)
  2 orc warlords
  An ettin (Orc:1)
  A deep elf death mage (Elf:2)
  The ghost of Uhucan the Bludgeoner, a journeyman MiBe of Trog (D:12)
  Erolcha (D:11)
  A hydra (D:12)
  3 boulder beetles
  6 two-headed ogres
  An ice dragon (IceCv)
  4 dancing weapons
  Erica (D:8)
  4 centaur warriors (D:13)
  4 orc high priests (Orc:2)
  3 tengu warriors (D:14)
  5 deep elf knights
  2 skeletal warriors (D:13)
  Lodul (D:10)
  2 wizards
  A deep elf zephyrmancer (Elf:1)
  5 deep elf pyromancers
  3 orc knights (Orc:2)
  5 orc sorcerers (Orc:2)
  3 necromancers (D:13)
  12 ugly things
  Maurice (Orc:1)
  4 cyclopes
  A smoke demon (D:11)
  2 ice statues (IceCv)
  2 komodo dragons (D:10)
  5 rime drakes
  A yaktaur (D:13)
  11 trolls
  A wolf spider simulacrum (D:14)
  Grinder (D:6)
  3 slime creatures (D:12)
  Sigmund (D:2)
  A shadow (D:13)
  2 air elementals (Elf:1)
  12 yaks
  3 wyverns
  4 fire bats (D:11)
  16 humans (D:13)
  3 fire elementals
  3 vampire mosquitoes (D:11)
  4 steam dragons
  A warg (Orc:2)
  Edmund (D:4)
  2 water moccasins
  An ice beast (D:7)
  Pargi (Sewer)
  56 orc warriors
  3 black bears
  4 sky beasts
  18 ogres
  15 centaurs
  2 phantoms
  2 kobold brigands
  3 bullfrogs
  Blork the orc (D:4)
  3 gnoll sergeants
  A scorpion (D:4)
  3 necrophages
  8 wights
  2 lindwurm simulacra (IceCv)
  4 killer bees (D:8)
  5 howler monkeys
  5 komodo dragon simulacra (IceCv)
  2 gnoll boudas
  33 orc priests
  2 hounds
  2 jellies
  Natasha (thrice) (D:3)
  Terence (D:2)
  2 iguanas
  29 orc wizards
  15 gnolls
  8 adders
  7 acid dragon simulacra (IceCv)
  2 shadow imps (D:7)
  2 white imps (D:7)
  3 ufetubi
  5 steam dragon simulacra (IceCv)
  3 worms (D:2)
  2 dart slugs (D:3)
  137 orcs
  9 ball pythons
  7 endoplasms
  8 giant cockroaches
  9 goblins
  7 hobgoblins
  2 jackals (D:2)
  2 quokkas
  5 bats
  2 frilled lizards (D:1)
  13 kobolds
  5 rats
622 creatures vanquished.

Vanquished Creatures (collateral kills)
  2 deep elf demonologists (Elf:1)
2 creatures vanquished.

Vanquished Creatures (others)
  Harold (D:9)
  An orc knight (Elf:1)
  A yak (D:9)
  An orc wizard (Elf:1)
  26 fungi (Elf:1)
  41 plants
71 creatures vanquished.

Grand Total: 695 creatures vanquished

Notes
Turn   | Place    | Note
-------+----------+-------------------------------------------
     0 | Abyss:1  | Newt the Demonspawn Abyssal Knight began the quest for the
                  | Orb.
     0 | Abyss:1  | Reached XP level 1. HP: 18/18 MP: 2/2
     0 | Abyss:1  | Found a corrupted altar of Lugonu.
    82 | Abyss:2  | Noticed a ynoxinul
    83 | D:1      | Escaped the Abyss
   441 | D:1      | Found Oseffim's Distillery.
   459 | D:1      | Reached skill level 2 in Axes
   508 | D:1      | Gained mutation: You have an unusually large brain. (Int
                  | +2) [demonic ancestry]
   508 | D:1      | Reached XP level 2. HP: 11/24 MP: 3/3
   508 | D:1      | Reached ** piety under Lugonu
   806 | D:1      | Found Migroubb's Distillery.
   929 | D:1      | Reached skill level 3 in Axes
  1272 | D:2      | Gained mutation: You are partially covered in sharp spines.
                  | [demonic ancestry]
  1272 | D:2      | Reached XP level 3. HP: 29/29 MP: 4/4
  1287 | D:2      | Noticed Terence
  1299 | D:2      | Killed Terence
  1393 | D:2      | Reached XP level 4. HP: 35/35 MP: 5/5
  1509 | D:2      | Found a faded altar of an unknown god.
  1509 | D:2      | Noticed a phantom
  1515 | D:2      | Killed a phantom
  1516 | D:2      | Reached skill level 4 in Axes
  1516 | D:2      | Gained mutation: Your demonic aura sometimes causes spilled
                  | blood to erupt in flames. [demonic ancestry]
  1516 | D:2      | Reached XP level 5. HP: 39/41 MP: 6/6
  1599 | D:2      | Noticed Sigmund
  1656 | D:3      | Noticed Natasha
  1668 | D:3      | Killed Natasha
  1669 | D:3      | Reached skill level 5 in Axes
  1964 | D:3      | Noticed Natasha
  1974 | D:3      | Killed Natasha
  2143 | D:3      | Noticed a steam dragon
  2159 | D:4      | Reached *** piety under Lugonu
  2164 | D:4      | Noticed a black bear
  2179 | D:4      | Killed a black bear
  2180 | D:4      | Reached skill level 6 in Axes
  2180 | D:4      | Gained mutation: You are mostly covered in sharp spines.
                  | [demonic ancestry]
  2180 | D:4      | Reached XP level 6. HP: 37/47 MP: 7/7
  2210 | D:4      | Found a glowing drain.
  2243 | Sewer    | Entered a sewer
  2306 | Sewer    | Noticed Pargi
  2315 | Sewer    | Killed Pargi
  2405 | D:4      | Reached XP level 7. HP: 49/54 MP: 8/8
  2702 | D:4      | Noticed Edmund
  2704 | D:4      | Noticed Blork the orc
  2707 | D:4      | Killed Edmund
  2709 | D:4      | Killed Blork the orc
  2908 | D:4      | Reached **** piety under Lugonu
  3050 | D:3      | Killed a steam dragon
  3051 | D:3      | Reached skill level 5 in Fighting
  3465 | D:3      | Noticed Natasha
  3472 | D:3      | Killed Natasha
  3706 | D:2      | Found Illoaf's Magic Scroll Shop.
  3711 | D:2      | Bought a scroll of identify for 28 gold pieces
  3711 | D:2      | Bought a scroll of blinking for 105 gold pieces
  3711 | D:2      | Bought a scroll of identify for 28 gold pieces
  4254 | D:2      | Killed Sigmund
  4255 | D:2      | Reached XP level 8. HP: 61/64 MP: 9/9
  4287 | D:5      | Entered Level 5 of the Dungeon
  4367 | D:5      | Reached skill level 5 in Armour
  4431 | D:5      | Reached skill level 8 in Axes
  4431 | D:5      | Reached XP level 9. HP: 75/75 MP: 9/13
  4542 | D:5      | Found an opulent altar of Gozag.
  4968 | D:6      | Found a staircase to the Ecumenical Temple.
  5107 | D:6      | Noticed Grinder
  5117 | D:6      | Killed Grinder
  5767 | D:7      | Reached skill level 9 in Axes
  5783 | D:7      | Gained mutation: You are completely covered in sharp
                  | spines. [demonic ancestry]
  5783 | D:7      | Reached XP level 10. HP: 46/83 MP: 14/14
  6030 | D:7      | Reached ***** piety under Lugonu
  6353 | D:8      | Noticed Erica
  6361 | D:8      | Killed Erica
  6595 | D:8      | Found a shimmering altar of Xom.
  6954 | D:8      | You fall into a shaft and drop 2 floors!
  6954 | D:10     | Entered Level 10 of the Dungeon
  7304 | D:10     | Found a staircase to the Lair.
  7525 | D:10     | Noticed Lodul
  7544 | D:10     | Reached skill level 10 in Axes
  7544 | D:10     | Gained mutation: Your touch may inflict minor irresistible
                  | damage on your foes. [demonic ancestry]
  7544 | D:10     | Reached XP level 11. HP: 69/89 MP: 16/16
  7545 | D:10     | Killed Lodul
  7555 | D:10     | Noticed Gastronok
  7570 | D:10     | Killed Gastronok
  8179 | D:9      | Reached skill level 10 in Fighting
  8297 | D:9      | Reached skill level 1 in Evocations
  8306 | D:9      | Reached skill level 10 in Armour
  8308 | D:9      | Noticed Harold
  8317 | D:9      | Killed Harold
  8615 | D:9      | Found an ornate altar of the Wu Jian Council.
  8824 | D:9      | Found a staircase to the Orcish Mines.
  9026 | D:9      | Gained mutation: You are clumsy. (Dex -2) [potion of
                  | mutation]
  9026 | D:9      | Gained mutation: You are robust. (+10% HP) [potion of
                  | mutation]
  9026 | D:9      | Gained mutation: You are weak. (Str -2) [potion of
                  | mutation]
  9026 | D:9      | Gained mutation: You are somewhat resistant to further
                  | mutation. [potion of mutation]
  9027 | D:9      | Lost mutation: You are robust. (+10% HP) [potion of
                  | mutation]
  9027 | D:9      | Lost mutation: You are somewhat resistant to further
                  | mutation. [potion of mutation]
  9027 | D:9      | Lost mutation: You are weak. (Str -2) [potion of mutation]
  9027 | D:9      | Gained mutation: Your system is resistant to poisons.
                  | (rPois) [potion of mutation]
  9027 | D:9      | Gained mutation: You have a pair of small antennae on your
                  | head. [potion of mutation]
  9027 | D:9      | Gained mutation: You are covered in fur. (AC +1) [potion of
                  | mutation]
  9084 | Orc:1    | Entered Level 1 of the Orcish Mines
  9131 | Orc:1    | Noticed an ettin
  9141 | Orc:1    | Killed an ettin
  9147 | Orc:1    | Noticed Maurice
  9163 | Orc:1    | Killed Maurice
  9164 | Orc:1    | Reached skill level 11 in Axes
  9244 | Orc:1    | Gained mutation: You have an extremely huge brain. (Int +4)
                  | [demonic ancestry]
  9244 | Orc:1    | Reached XP level 12. HP: 99/99 MP: 18/18
  9262 | Orc:1    | Reached ****** piety under Lugonu
  9370 | Orc:1    | Noticed an orc warlord
  9389 | Orc:1    | Killed an orc warlord
  9639 | Orc:1    | Found Duraeng's Antique Armour Boutique.
  9658 | Orc:1    | Bought a pair of runed boots for 255 gold pieces
  9716 | Orc:2    | Entered Level 2 of the Orcish Mines
  9718 | Orc:2    | Noticed a two-headed ogre
  9719 | Orc:2    | Noticed a two-headed ogre
  9723 | Orc:2    | Noticed a two-headed ogre
  9730 | Orc:1    | Killed a two-headed ogre
  9731 | Orc:1    | Killed a two-headed ogre
  9818 | Orc:2    | Reached skill level 5 in Evocations
  9954 | Orc:2    | Noticed a two-headed ogre
  9960 | Orc:2    | Killed a two-headed ogre
  9963 | Orc:2    | Killed a two-headed ogre
  9967 | Orc:2    | Noticed an orc high priest
  9969 | Orc:2    | Found Ushror's Weapon Shop.
  9976 | Orc:2    | Killed an orc high priest
 10009 | Orc:2    | Noticed an orc warlord
 10016 | Orc:2    | Noticed an orc high priest
 10305 | Orc:2    | Found a staircase to the Elven Halls.
 10479 | Orc:2    | Reached skill level 12 in Axes
 10492 | Orc:2    | Found Hellesm's Antique Weapon Emporium.
 10539 | Orc:2    | Noticed a two-headed ogre
 10545 | Orc:2    | Killed a two-headed ogre
 10550 | Orc:2    | Reached XP level 13. HP: 71/108 MP: 19/19
 10634 | Orc:2    | Found Daqonall's Antique Armour Shoppe.
 10912 | Orc:2    | Killed an orc warlord
 10980 | Orc:2    | Identified a +7 battleaxe of distortion (a +5 battleaxe of
                  | flaming corrupted by Lugonu)
 10980 | Orc:2    | Received a gift from Lugonu
 10991 | Orc:2    | Found Nymots's General Store.
 11013 | Orc:2    | Bought a scroll of blinking for 105 gold pieces
 11542 | D:11     | Noticed Erolcha
 11551 | D:11     | Killed Erolcha
 11563 | D:11     | Reached skill level 13 in Axes
 11726 | D:11     | Identified the +5 demon whip of the Desolation of Salt
                  | {flame, rElec rPois Str+2}
 12055 | D:12     | Found a runed translucent door.
 12057 | D:12     | Found a shimmering altar of Xom.
 12057 | D:12     | Noticed Uhucan's ghost (journeyman MiBe)
 12148 | D:12     | Killed Uhucan's ghost
 12901 | D:13     | Found a frozen archway.
 13031 | D:13     | Reached XP level 14. HP: 97/120 MP: 20/20
 13042 | D:13     | Reached skill level 14 in Axes
 13287 | IceCv    | Entered an ice cave
 13405 | IceCv    | Found the ring of the Octopus King
 13478 | IceCv    | Identified a ring of the Octopus King {rN+ HP+2 AC+2 EV+2
                  | SH+2}
 13532 | IceCv    | Identified a scroll of acquirement
 13532 | IceCv    | Acquired 950 gold pieces
 13623 | IceCv    | Identified the +2 chain mail of Teser {Dex+4}
 13700 | D:13     | Identified the +6 scale mail of Cowardice {rCorr SInv}
 14063 | D:13     | Reached skill level 15 in Fighting
 14148 | D:13     | Found a gate to the Vaults.
 14518 | D:14     | Reached skill level 15 in Axes
 14788 | Orc:2    | Bought runed gold dragon scales for 2075 gold pieces
 14868 | Elf:1    | Entered Level 1 of the Elven Halls
 15018 | Elf:1    | Paralysed by an air elemental for 1 turns
 15119 | Elf:1    | Paralysed by an air elemental for 1 turns
 15181 | Elf:1    | Reached skill level 16 in Axes
 15255 | Elf:1    | Noticed a Brimstone Fiend
 15257 | Elf:1    | Noticed an Ice Fiend
 15259 | Elf:1    | HP: 6/125 [Brimstone Fiend[a deep elf demonologist] (12)]
 15281 | Elf:2    | Gained mutation: Your touch may inflict irresistible damage
                  | on your foes. [demonic ancestry]
 15281 | Elf:2    | Reached XP level 15. HP: 53/129 MP: 21/21
 15324 | Elf:1    | HP: 2/131 [+1 hand axe of electrocution (20)]
 15329 | Elf:1    | Found a runed translucent gate.
 15329 | Elf:1    | Found a runed translucent gate.
 15329 | Elf:1    | Found a runed translucent gate.
 15329 | Elf:1    | Found a runed translucent gate.
 15329 | Elf:1    | Found a runed translucent gate.
 15329 | Elf:1    | Found a runed translucent gate.
 15329 | Elf:1    | Noticed an iron dragon
 15331 | Elf:1    | Noticed a shadow dragon
 15332 | Elf:1    | Killed from afar by a deep elf zephyrmancer

Illustrated notes

Levels and vault maps discovered:
D:1:      sevenhm_arrival_forest_fort_large_4, layout_loops_ring, serial_shops,
          shop, nicolae_square_shop, minmay_tetromino_o2
D:2:      layout_loops_ring, serial_shops, nicolae_shop_hallway_plus,
          nicolae_ecumenical_lake_church, uniq_sigmund, uniq_terence
D:3:      wad_crossroads, layout_basic, serial_bayou_lagoon_a, chequers_jeans,
          uniq_natasha
D:4:      layout_loops_ring, gup_sewer_entry_glass, uniq_edmund,
          uniq_blork_the_orc
D:5:      layout_rooms, lemuel_doored_altar
D:6:      layout_loops_cross, minmay_temple_entry_junction, uniq_grinder
D:7:      minmay_polygon_palace, layout_rooms
D:8:      layout_loops_ring, mainiacjoe_overflow_alcove_4,
          hangedman_glass_teeth, uniq_erica
D:9:      layout_big_octagon, mainiacjoe_overflow_concentric_impassable,
          david_orc_4, uniq_harold
D:10:     layout_basic, david_lair_shrubbed, uniq_lodul, uniq_gastronok
D:11:     minmay_firetagon, layout_cave_pools, uniq_erolcha
D:12:     layout_basic, ebering_ghost_xom, moated_statue
D:13:     layout_roguey [special_room_orc], grunt_vaults_entry_tiered,
          portal_ice_cave_rime
D:14:     layout_gridville, dreamdust_wishing_well
Orc:1:    layout_caves, serial_shops, nicolae_shop_hallway_plus, mines2_david,
          uniq_maurice
Orc:2:    pubby_orc_utopia, serial_shops
Elf:1:    layout_geoelf_octagon, orc_legates, grunt_megastairs_3
Elf:2:    nicolae_elf_blades_crystal_corner, layout_loops_corners,
          nicolae_elf_glassroom_feature

Skill      XL: |  1  2  3  4  5  6  7  8  9 10 11 12 13 14 |
---------------+-------------------------------------------+-----
Armour         | 2 3 4 7 8 9 10 11 12 13 | 13.0
Axes           | 2 3 4 6 8 9 10 11 12 13 16 | 16.4
Fighting       | 4 5 8 9 10 12 14 15 | 15.2
Throwing       | 3 |  3.5
Invocations    | 6 7 8 |  8.2
Evocations     | 3 6 |  6.2
Dodging        | |  0.8

Action                   |  1- 3 |  4- 6 |  7- 9 | 10-12 | 13-15 || total
-------------------------+-------+-------+-------+-------+-------++-------
Melee: Hand axe          |    96 |    80 |   194 |    17 |       ||   387
       Unarmed           |       |     6 |     7 |       |       ||    13
       Punch             |       |       |     3 |     1 |       ||     4
       Battleaxe         |       |       |       |   345 |   405 ||   750
Throw: Dart              |       |     2 |       |     9 |       ||    11
       Throwing net      |       |       |       |     1 |       ||     1
Invok: Depart the Abyss  |     1 |       |       |       |       ||     1
       Banish            |       |       |       |     2 |       ||     2
       Brand Weapon With |       |       |       |       |     1 ||     1
Evoke: Wand              |       |       |     1 |    12 |     5 ||    18
       Box of beasts     |       |       |       |       |     1 ||     1
  Use: Scroll            |     2 |     2 |     7 |    16 |    11 ||    38
       Potion            |       |     1 |     7 |     6 |     7 ||    21
 Stab: Invisible         |       |       |       |     1 |     1 ||     2
Armor: Plate armour      |    51 |       |       |   185 |   198 ||   434
       Leather armour    |     4 |       |       |       |       ||     4
       Ring mail         |       |    35 |    50 |    35 |       ||   120
       Scale mail        |       |       |       |       |   113 ||   113
       Gold dragon scale |       |       |       |       |     2 ||     2
Dodge: Dodged            |    25 |    60 |   126 |   236 |   257 ||   704
Block: Other             |       |       |       |       |     8 ||     8

Table legend: (Time is in decaauts)
 A = Elapsed time spent in this place.
 B = Non-inter-level travel time spent in this place.
 C = Inter-level travel time spent in this place.
 D = Time resting spent in this place.
 E = Time spent auto-exploring this place.
 F = Levels seen in this place.
 G = Mean time per level.
                   A        B        C        D        E       F      G
               +--------+--------+--------+--------+--------+-----+--------+
         Total |  15854 |  14868 |    986 |   1530 |  10140 |  22 |  720.6 |
       Dungeon |  12057 |  11239 |    818 |    983 |   8144 |  14 |  861.2 |
  Orcish Mines |   2807 |   2640 |    167 |    389 |   1519 |   2 | 1403.5 |
   Elven Halls |    371 |    371 |      0 |    118 |    120 |   2 |  185.5 |
         Abyss |     82 |     82 |      0 |      0 |     61 |   2 |   41.0 |
         Sewer |    133 |    133 |      0 |      0 |     99 |   1 |  133.0 |
      Ice Cave |    402 |    402 |      0 |     40 |    195 |   1 |  402.0 |
               +--------+--------+--------+--------+--------+-----+--------+

Top non-repeatable levels by time:
   Orc:2: 2025 daAuts
    D:13: 1278 daAuts
    D:10: 1274 daAuts
     D:1: 1192 daAuts
     D:3: 1106 daAuts
     D:2: 1001 daAuts
     D:9: 914 daAuts
     D:8: 835 daAuts
   Orc:1: 781 daAuts
     D:4: 778 daAuts
    D:12: 765 daAuts
     D:7: 706 daAuts
     D:5: 660 daAuts
     D:6: 601 daAuts
    D:11: 534 daAuts
